 Dungeon Crawl Stone Soup version 0.27-a0-1290-g15d3ce7508 (webtiles) character file.

Game seed: 7610327697173781224

553 BlueGoblin the Conjurer (level 7, 0/28 HPs)
             Began as a Felid Conjurer on June 15, 2021.
             Was a Priest of Lugonu.
             Slain by a killer bee (8 damage)
             ... on level 5 of the Dungeon.
             The game lasted 00:23:35 (8296 turns).

BlueGoblin the Conjurer (Felid Conjurer)            Turns: 8296, Time: 00:23:36

Health: 0/28       AC:  2    Str:  3    XL:     7   Next: 8%
Magic:  16/23      EV: 19    Int: 21    God:    Lugonu [***...]
Gold:   259        SH:  0    Dex: 15    Spells: 7/14 levels left
                                        Lives:  0   Deaths: 2

rFire    . . .     SeeInvis +   (weapon unavailable)
rCold    . . .     Faith    .   (shield unavailable)
rNeg     + . .     Spirit   .   (armour unavailable)
rPois    .         Reflect  .   (helmet unavailable)
rElec    .         Harm     .   (cloak unavailable)
rCorr    .         Rampage  .   (gloves unavailable)
Will     +....                  (boots unavailable)
Stlth    +++.......             (no amulet)
HPRegen  0.09/turn              d - ring of magical power
MPRegen  0.18/turn              a - ring of positive energy

@: quick
A: very small, claws 1, fangs 3, see invisible, speed 1, shaggy fur 2, stealthy
paws, no weapons or thrown items, no armour, multi-lived
a: Renounce Religion, Depart the Abyss, Bend Space, Banish


You were on level 5 of the Dungeon.
You worshipped Lugonu.
Lugonu was most pleased with you.
You visited 1 branch of the dungeon, and saw 5 of its levels.

You collected 259 gold pieces.

Inventory:

Jewellery
 a - a ring of positive energy (right paw)
 d - a ring of magical power (left paw)
 l - a ring of positive energy
Wands
 c - a wand of flame (30) (quivered)
Scrolls
 b - 2 scrolls of teleportation
 k - a scroll of brand weapon
Potions
 e - 3 potions of haste
 g - a potion of lignification {unknown}
 h - a potion of attraction
 i - a potion of mutation {unknown}
 j - a potion of heal wounds
 m - a potion of invisibility {unknown}


   Skills:
 + Level 1.1 Fighting
 + Level 5.3 Dodging
 + Level 5.3 Stealth
 + Level 0.1 Unarmed Combat
 + Level 4.3 Spellcasting
 + Level 6.2 Conjurations
 * Level 3.2 Invocations


You had 7 spell levels left.
You knew the following spells:

 Your Spells              Type           Power      Damage    Failure   Level
a - Magic Dart            Conj           100%       1d8       1%          1
b - Searing Ray           Conj           60%        3d5       1%          2
c - Fulminant Prism       Conj/Hex       8%         3d7       32%         4

Your spell library contained the following spells:

 Spells                   Type           Power      Damage    Failure   Level
 Dazzling Flash           Conj/Hex       34%        N/A       10%         3
 Iskenderun's Mystic Bla  Conj/Tloc      17%        2d5       32%         4


Dungeon Overview and Level Annotations

Branches:
Dungeon (5/15)
 Temple: D:4-7

Altars:
Lugonu


Innate Abilities, Weirdness & Mutations

You have sharp claws.
You have razor-sharp teeth.
You have supernaturally acute eyesight. (SInv)
You cover ground quickly. (Speed+)
You are covered in thick fur. (AC +2)
Your paws help you pounce on unaware monsters.
You are incapable of wielding weapons or throwing items.
You cannot wear armour.
You gain extra lives every three experience levels.


Message History

Casting: Magic Dart (safe; 1% risk of failure)
Confirm with . or Enter, or press ? or * to list all spells.
Aiming: Searing Ray (safe; 1% risk of failure)
Press: ? - help, Shift-Dir - straight line, f/p - killer bee
Aim: a killer bee (moderately wounded, 58% to hit)
The searing ray hits the killer bee!
The killer bee is severely wounded. (Press . to maintain the ray.)
The killer bee completely misses you. The killer bee misses you.
The searing ray hits the killer bee.
The killer bee is almost dead.
The searing ray misses the killer bee.
The killer bee misses you. The killer bee closely misses you.
The searing ray misses the killer bee.
The killer bee closely misses you. The killer bee stings you.
The killer bee misses you. The killer bee stings you!
The searing ray misses the killer bee.
The searing ray hits the water moccasin!
The water moccasin is moderately wounded.
You finish channeling your searing ray.
The killer bee misses you. The killer bee completely misses you.
The killer bee stings you!
* * * LOW HITPOINT WARNING * * *
The killer bee completely misses you. The killer bee closely misses you.
The killer bee completely misses you. The killer bee barely misses you. x2
The killer bee misses you.
Casting: Searing Ray (safe; 1% risk of failure)
Confirm with . or Enter, or press ? or * to list all spells.
Aiming: Searing Ray (safe; 1% risk of failure)
Press: ? - help, Shift-Dir - straight line, f/p - killer bee
Aim: a killer bee (almost dead, 58% to hit)
The searing ray hits the killer bee!
You kill the killer bee!
Lugonu accepts your kill.
The searing ray hits the killer bee!
The killer bee is heavily wounded. (Press . to maintain the ray.)
The killer bee stings you!
You die...

#.# #......Z##..#
#.#####.#####y.....
#.....####...####..
#..#####≈≈yy≈≈≈≈#
#....# ###†yy####
#.##.# ###.##
#S...####...#
##y..##≈#...###
#@####≈#.....#
#...#≈≈#.....#
###..≈≈≈..)..#
##.≈≈......#
##≈≈≈...<...#
##...≈≈.≈....#
#.....≈≈..####
#.....≈...#
#...≈≈≈...#


You could see a water moccasin and a killer bee.

Vanquished Creatures
  Sigmund (D:3)
  Duvessa (D:4)
  An ice beast (D:5)
  A black bear (D:4)
  A scorpion (D:4)
  Dowan (D:4)
  A killer bee (D:5)
  An iguana (D:4)
  Ijyb (D:3)
  A gnoll shaman (D:4)
  2 orc wizards (D:3)
  A hound skeleton (D:4)
  Robin (D:2)
  7 adders
  7 gnolls
  3 dart slugs
  18 orcs
  8 endoplasms
  3 giant cockroaches
  11 goblins
  5 hobgoblins
  3 jackals
  4 kobolds
  2 quokkas (D:3)
  6 ball pythons
  6 bats
  4 frilled lizards
  4 rats
105 creatures vanquished.

Notes
Turn   | Place    | Note
-------+----------+-------------------------------------------
     0 | D:1      | BlueGoblin the Felid Conjurer began the quest for the Orb.
     0 | D:1      | Reached XP level 1. HP: 7/7 MP: 4/4
    82 | D:1      | Found a faded altar of an unknown god.
   848 | D:1      | Reached skill level 4 in Conjurations
   848 | D:1      | Reached XP level 2. HP: 11/11 MP: 1/6
  1182 | D:1      | Became a worshipper of Lugonu the Unformed
  1182 | D:1      | Reached * piety under Lugonu
  1182 | D:1      | Reached ** piety under Lugonu
  1389 | D:1      | Learned a level 2 spell: Searing Ray
  1732 | D:2      | Reached XP level 3. HP: 14/14 MP: 2/7
  2209 | D:2      | Noticed Robin
  2217 | D:2      | Reached XP level 4. HP: 11/18 MP: 3/8
  2259 | D:2      | Killed Robin
  3023 | D:2      | Learned a level 4 spell: Fulminant Prism
  3034 | D:3      | Reached *** piety under Lugonu
  3143 | D:3      | Reached skill level 5 in Conjurations
  3332 | D:3      | Succumbed to an orc's poison
  3333 | D:3      | Reached XP level 3. HP: -1/14 MP: 5/7
  3456 | D:3      | Reached XP level 4. HP: 18/18 MP: 4/8
  3846 | D:3      | Noticed Ijyb
  4381 | D:3      | Noticed Sigmund
  4388 | D:3      | Killed Sigmund
  4389 | D:3      | Reached skill level 1 in Invocations
  4389 | D:3      | Reached XP level 5. HP: 9/21 MP: 3/10
  4698 | D:3      | Gained mutation: You are covered in thick fur. (AC +2)
                  | [Felid growth]
  4698 | D:3      | Reached XP level 6. HP: 13/25 MP: 6/11
  5497 | D:3      | Killed Ijyb
  5916 | D:4      | Reached XP level 7. HP: 28/28 MP: 13/13
  6581 | D:4      | Identified the +0 leather armour "Juhuulitse" {Fly}
  6822 | D:4      | Noticed Duvessa
  6823 | D:4      | Noticed Dowan
  6835 | D:4      | Killed Dowan
  6995 | D:4      | Killed Duvessa
  6996 | D:4      | Reached skill level 5 in Dodging
  6996 | D:4      | Reached skill level 5 in Stealth
  6996 | D:4      | Reached skill level 6 in Conjurations
  7603 | D:5      | Entered Level 5 of the Dungeon
  7608 | D:5      | Reached skill level 1 in Fighting
  7724 | D:5      | HP: 1/28 [poisoned by a killer bee]
  7724 | D:5      | Slain by a killer bee
  7725 | D:5      | Reached XP level 6. HP: -1/25 MP: 21/22
  7798 | D:5      | Noticed an ice beast
  7812 | D:5      | Killed an ice beast
  7813 | D:5      | Reached XP level 7. HP: 17/28 MP: 14/14
  8296 | D:5      | Slain by a killer bee

Illustrated notes

Levels and vault maps discovered:
D:1:      lightli_arrival_isolated_outpost, layout_basic,
          chequers_ecumenical_altar_simple
D:2:      layout_basic, chequers_serial_rivers_marsh, uniq_robin
D:3:      layout_loops_corners, uniq_ijyb, uniq_sigmund
D:4:      layout_rooms, chequers_serial_rivers_micro_e, roderic_lattice_a,
          uniq_duvessa
D:5:      layout_basic, serial_rivers, chequers_serial_rivers_small_b,
          chequers_serial_rivers_small_3, chequers_serial_rivers_micro_a,
          chequers_serial_rivers_large_a, grunt_tough_drop

Skill      XL: |  1  2  3  4  5  6  7 |
---------------+----------------------+-----
Conjurations   | 4 5 6 |  6.2
Stealth        | 3 4 5 |  5.3
Dodging        | 3 4 5 |  5.3
Invocations    | 1 2 3 |  3.2
Spellcasting   | 3 4 |  4.3
Fighting       | 1 |  1.1
Unarmed Combat | |  0.1

Action                   |  1- 3 |  4- 6 |  7- 9 || total
-------------------------+-------+-------+-------++-------
Melee: Unarmed           |    13 |     3 |       ||    16
       Bite              |       |     1 |       ||     1
 Cast: Magic Dart        |    35 |    15 |     3 ||    53
       Searing Ray       |    16 |    34 |    18 ||    68
Invok: Bend Space        |     2 |     3 |     1 ||     6
       Banish            |       |       |     1 ||     1
  Use: Scroll            |     2 |       |     5 ||     7
       Potion            |       |     1 |     1 ||     2
 Stab: Distracted        |       |     1 |       ||     1
Armor: Skin              |     6 |     1 |     1 ||     8
Dodge: Dodged            |    33 |    27 |    39 ||    99

Table legend: (Time is in decaauts)
 A = Elapsed time spent in this place.
 B = Non-inter-level travel time spent in this place.
 C = Inter-level travel time spent in this place.
 D = Time resting spent in this place.
 E = Time spent auto-exploring this place.
 F = Levels seen in this place.
 G = Mean time per level.
                   A        B        C        D        E       F      G
               +--------+--------+--------+--------+--------+-----+--------+
         Total |   7784 |   7681 |    103 |   5087 |   1159 |   5 | 1556.8 |
       Dungeon |   7784 |   7681 |    103 |   5087 |   1159 |   5 | 1556.8 |
               +--------+--------+--------+--------+--------+-----+--------+

Top non-repeatable levels by time:
     D:3: 2120 daAuts
     D:4: 1898 daAuts
     D:2: 1629 daAuts
     D:1: 1455 daAuts
     D:5: 681 daAuts
